 Dungeon Crawl Stone Soup version 0.24-a0-218-ga595e75 (webtiles) character file.

Game seed: 687461730253294107

6971 Hedonix the Thaumaturge (level 10, -2/56 HPs)
             Began as a Deep Elf Ice Elementalist on Mar 30, 2019.
             Was a Priest of Vehumet.
             Slain by a polar bear (3 damage)
             ... in an ice cave.
             The game lasted 01:02:41 (14273 turns).

Hedonix the Thaumaturge (DEIE)                     Turns: 14273, Time: 01:02:42

Health: -2/56      AC: 10    Str: 14    XL:     10   Next: 81%
Magic:  4/22       EV: 12    Int: 25    God:    Vehumet [***...]
Gold:   406        SH:  0    Dex: 10    Spells: 10/32 levels left

rFire    . . .     SeeInvis .   b - +9 morningstar of Genamm {flame, +Blink rElec Int+4}
rCold    + . .     Gourm    .   (no shield)
rNeg     + . .     Faith    .   F - +2 leather armour of the Gravedigger {Str+6 Dex-5}
rPois    +         Spirit   .   l - +0 helmet
rElec    +         Reflect  .   T - +1 cloak {rPois}
rCorr    .         Harm     .   C - +0 pair of gloves
MR       +....                  (no boots)
Stlth    +++.......             K - amulet of magic regeneration
HPRegen  0.18/turn              p - ring of stealth
MPRegen  0.43/turn              s - ring of positive energy

@: very slightly contaminated
A: cold resistance 1, low mp 2, no potion heal 1
a: Renounce Religion, Evoke Blink


You were in an ice cave.
You worshipped Vehumet.
Vehumet was most pleased with you.
You were not hungry.

You visited 2 branches of the dungeon, and saw 12 of its levels.
You also visited: Ice Cave.

You collected 622 gold pieces.
You spent 216 gold pieces at shops.

Inventory:

Hand Weapons
 b - the +9 morningstar of Genamm (weapon) {flame, +Blink rElec Int+4}
   (You bought it in a shop on level 7 of the Dungeon)

   It has been specially enchanted to burn those struck by it, causing extra
   injury to most foes and up to half again as much damage against particularly
   susceptible opponents.
   It affects your intelligence (+4).
   It insulates you from electricity.
   It lets you blink.
 y - a +0 blowgun
 B - a +4 dagger of venom
 H - a +2 spear of piercing
 Q - a +2 dagger of holy wrath
 S - a +2 rapier of venom
Missiles
 A - 56 poisoned needles
 E - 2 needles of confusion
 M - 2 throwing nets (quivered)
Armour
 e - a scarf of repulsion
 l - a +0 helmet (worn)
 C - a +0 pair of gloves (worn)
 F - the +2 leather armour of the Gravedigger (worn) {Str+6 Dex-5}
   (You found it on level 7 of the Dungeon)

   It affects your strength (+6).
   It affects your dexterity (-5).
 T - a +1 cloak of poison resistance (worn)
Magical Staves
 N - an uncursed staff of earth
Jewellery
 p - a ring of stealth (left hand)
 s - a ring of positive energy (right hand)
 K - an amulet of magic regeneration (around neck)
 O - an uncursed ring of resist corrosion
Wands
 a - a wand of enslavement (15)
 w - a wand of iceblast (7)
 G - a wand of digging (2)
Scrolls
 g - 5 scrolls of magic mapping
 n - 8 scrolls of remove curse
 q - 3 scrolls of identify
 r - 2 scrolls of teleportation
 D - a scroll of fog {unknown}
 I - 2 scrolls of amnesia
Potions
 d - 2 potions of agility
 f - a potion of resistance {unknown}
 h - 3 potions of might
 i - 3 potions of lignification
 j - a potion of degeneration {unknown}
 m - 2 potions of curing
 o - a potion of invisibility
 t - 2 potions of mutation
 u - 3 potions of cancellation
 v - a potion of brilliance {unknown}
 x - a potion of flight {unknown}
 z - 4 potions of haste
 J - a potion of heal wounds {unknown}
Miscellaneous
 k - a lamp of fire
Comestibles
 c - 26 rations
 L - 16 chunks of flesh


   Skills:
 - Level 3.2 Fighting
 - Level 0.2 Short Blades
 - Level 0.4 Polearms
 - Level 4.0 Armour
 - Level 2.4 Dodging
 * Level 4.2 Stealth
 + Level 11.6 Spellcasting
 + Level 7.2 Conjurations
 - Level 3.6 Charms
 - Level 4.0 Summonings
 - Level 8.9 Ice Magic
 * Level 3.3 Air Magic
 - Level 3.7 Evocations


You had 10 spell levels left.
You knew the following spells:

 Your Spells              Type           Power        Failure   Level  Hunger
a - Freeze                Ice            ####         1%          1    None
b - Throw Icicle          Conj/Ice       ######..     1%          4    None
c - Summon Ice Beast      Ice/Summ       #####...     3%          4    None
d - Ozocubu's Armour      Chrm/Ice       #####...     1%          3    None
e - Swiftness             Chrm/Air       ####....     1%          2    None
f - Lightning Bolt        Conj/Air       #####.....   4%          5    ###....
g - Static Discharge      Conj/Air       #####...     1%          3    None

Your spell library contained the following spells:

 Spells                   Type           Power        Failure   Level  Hunger
 Throw Flame              Conj/Fire      ####..       1%          2    None
 Shock                    Conj/Air       ####         1%          1    None
 Throw Frost              Conj/Ice       ######       1%          2    None
 Airstrike                Air            ####......   3%          4    None


Dungeon Overview and Level Annotations

Branches:
Dungeon (11/15)            Temple (1/1) D:6            Lair (0/6) D:9
    Orc (0/2) D:10

Altars:
Ashenzari
Cheibriados
Dithmenos
Elyvilon
Fedhas
Gozag
Hepliaklqana
Kikubaaqudgha
Makhleb
Nemelex Xobeh
Okawaru
Qazlal
Ru
Sif Muna
Trog
Uskayaw
Vehumet
Wu Jian
Xom
Yredelemnul
Zin
The Shining One

Shops:
D:4 =   D:7 ::(*   D:9 (

Annotations:
D:4 exclusion: downstairs


Innate Abilities, Weirdness & Mutations

Your flesh is cold resistant. (rC+)
Your magical capacity is very low. (-20% MP)
Potions are less effective at restoring your health.


Message History

You flicker for a moment.
Your ice beast barely misses the polar bear.
The polar bear bites your ice beast!
Your ice beast dies!
You hit the polar bear. You burn the polar bear.
The polar bear is severely wounded.
The polar bear bites you!
* * * LOW HITPOINT WARNING * * *
The polar bear claws you but does no damage.
The polar bear barely misses you.
Your system partially rejects the healing.
You feel better.
You flicker back into view.
The polar bear goes berserk!
The polar bear bites you!
* * * LOW HITPOINT WARNING * * *
The polar bear claws you.
* * * LOW HITPOINT WARNING * * *
The polar bear claws you.
You die...

##..h.###
######..####
####.h...###
##....##############
...########....##..##
.#######....#.†...∩.#
.÷.##.h..######.∩...#
##÷...#### #.h..##
##.### ##@### ### ###


You could see a polar bear (berserk).

Vanquished Creatures
  A centaur zombie (D:10)
  2 rime drakes (D:11)
  A polar bear (IceCv)
  2 yaks
  Eustachio (D:6)
  A human (D:6)
  A hungry ghost (D:10)
  A hog (D:7)
  A hornet zombie (D:10)
  3 orc warriors
  An eye of draining (D:8)
  4 sky beasts
  A black bear (D:10)
  An ogre (D:8)
  A phantom (D:9)
  3 centaurs
  3 wolves (IceCv)
  A big kobold (D:9)
  3 bullfrogs
  A water moccasin skeleton (D:8)
  3 killer bees (D:9)
  2 howler monkeys
  2 crimson imps
  2 jellies
  2 bullfrog zombies (D:6)
  4 orc priests
  2 bullfrog skeletons
  A centaur skeleton (D:8)
  6 hounds
  6 orc wizards
  An iguana (D:6)
  Natasha (thrice) (D:4)
  4 worker ants
  A worker ant zombie (D:8)
  Robin (D:4)
  15 gnolls
  8 adders
  4 shadow imps
  An ooze (D:2)
  3 adder skeletons
  2 worms (D:3)
  2 dart slugs
  2 leopard geckos
  34 orcs
  5 bats
  2 giant cockroaches
  22 goblins
  13 hobgoblins
  4 jackals (D:6)
  14 kobolds
  3 quokkas
  A ball python (D:2)
  4 frilled lizards
  A jackal skeleton (D:6)
  2 leopard gecko skeletons
  A quokka skeleton (D:4)
  18 rats
234 creatures vanquished.

Vanquished Creatures (collateral kills)
  A two-headed ogre (D:8)
  Maurice (D:8)
  A polar bear (IceCv)
  2 hogs
  A hungry ghost (D:9)
  A water moccasin (D:7)
  2 orc warriors (D:6)
  An ogre (D:7)
  A scorpion (D:8)
  6 killer bees (D:9)
  A gnoll shaman (D:5)
  3 orc priests (D:6)
  A hound (D:5)
  Crazy Yiuf (D:3)
  An iguana (D:9)
  2 orc wizards
  A killer bee zombie (D:7)
  A hound zombie (D:7)
  5 gnolls
  A leopard gecko (D:6)
  3 orcs
  A kobold (D:4)
  A quokka zombie (D:7)
39 creatures vanquished.

Grand Total: 273 creatures vanquished

Notes
Turn   | Place    | Note
-------+----------+-------------------------------------------
     0 | D:1      | Hedonix the Deep Elf Ice Elementalist began the quest for
                  | the Orb.
     0 | D:1      | Reached XP level 1. HP: 10/10 MP: 6/6
   411 | D:1      | Reached XP level 2. HP: 15/15 MP: 6/8
  1350 | D:2      | Reached XP level 3. HP: 18/19 MP: 6/9
  1493 | D:2      | Reached skill level 4 in Spellcasting
  1872 | D:3      | Reached XP level 4. HP: 24/24 MP: 7/12
  2006 | D:3      | Learned a level 4 spell: Throw Icicle
  2011 | D:3      | Learned a level 4 spell: Summon Ice Beast
  2411 | D:3      | Reached skill level 5 in Spellcasting
  2556 | D:3      | Reached XP level 5. HP: 22/28 MP: 10/14
  3075 | D:3      | Found a deep blue altar of Sif Muna.
  3145 | D:3      | Reached skill level 1 in Summonings
  3435 | D:3      | Found a runed translucent door.
  3436 | D:3      | Noticed Crazy Yiuf
  3444 | D:3      | Killed Crazy Yiuf
  3526 | D:4      | HP: 1/28 [bullfrog skeleton (2)]
  3810 | D:4      | Found Kuni's Jewellery Shoppe.
  3935 | D:4      | Noticed Robin
  3957 | D:4      | Killed Robin
  4123 | D:4      | Reached skill level 5 in Ice Magic
  4525 | D:4      | Reached XP level 6. HP: 7/33 MP: 10/16
  4865 | D:4      | Reached skill level 6 in Spellcasting
  4878 | D:4      | Noticed Natasha
  4886 | D:4      | Killed Natasha
  5140 | D:4      | Noticed Natasha
  5146 | D:4      | Killed Natasha
  5289 | D:4      | Noticed Natasha
  5300 | D:4      | Killed Natasha
  5386 | D:5      | Entered Level 5 of the Dungeon
  5854 | D:5      | Reached XP level 7. HP: 37/37 MP: 14/18
  6051 | D:5      | Found a sacrificial altar of Ru.
  6144 | D:5      | Reached skill level 1 in Fighting
  6423 | D:5      | Found a stormy altar of Qazlal.
  6423 | D:5      | Found a basalt altar of Yredelemnul.
  6424 | D:5      | Found a sparkling altar of Nemelex Xobeh.
  6924 | D:6      | Reached skill level 7 in Spellcasting
  7117 | D:6      | Learned a level 3 spell: Ozocubu's Armour
  7153 | D:6      | Reached skill level 1 in Charms
  7503 | D:6      | Found a shattered altar of Ashenzari.
  7516 | D:6      | Saw a vision of the Shoals and the Spider Nest.
  7516 | D:6      | Noticed a merfolk
  7516 | D:6      | Noticed a merfolk siren
  7516 | D:6      | Noticed a merfolk
  7516 | D:6      | Noticed a merfolk
  7516 | D:6      | Noticed a hippogriff
  7516 | D:6      | Noticed a hippogriff
  7516 | D:6      | Noticed a wolf spider
  7516 | D:6      | Noticed a redback
  7518 | D:6      | Noticed a merfolk
  7561 | D:6      | Reached XP level 8. HP: 43/43 MP: 3/21
  7815 | D:6      | Found a staircase to the Ecumenical Temple.
  7823 | D:6      | You fall through a shaft!
  7851 | Temple   | Entered the Ecumenical Temple
  8164 | Temple   | Became a worshipper of Vehumet
  8277 | D:6      | Noticed Eustachio
  8723 | D:6      | Killed Eustachio
  8723 | D:6      | Reached skill level 8 in Spellcasting
  9576 | D:7      | Learned a level 2 spell: Swiftness
  9582 | D:7      | Found Jifaris's Book Emporium.
  9609 | D:7      | Found Ripegrao's Weapon Boutique.
  9897 | D:7      | Found Kiopos's Assorted Antiques.
  9900 | D:7      | Bought a dazzling morningstar for 216 gold pieces
  9900 | D:7      | Identified the +9 morningstar of Genamm {flame, +Blink
                  | rElec Int+4} (You bought it in a shop on level 7 of the
                  | Dungeon)
 10157 | D:7      | Reached skill level 1 in Air Magic
 10217 | D:7      | Got a heavily runed leather armour
 10228 | D:7      | Identified the +2 leather armour of the Gravedigger {Str+6
                  | Dex-5} (You found it on level 7 of the Dungeon)
 10282 | D:6      | Reached skill level 1 in Armour
 10379 | D:6      | Reached XP level 9. HP: 42/49 MP: 7/23
 10437 | D:7      | Reached * piety under Vehumet
 10437 | D:7      | Offered knowledge of Sting by Vehumet.
 10539 | D:7      | Reached skill level 9 in Spellcasting
 10556 | D:7      | Found Ivuufeudax's Book Shoppe.
 10884 | D:8      | Reached skill level 1 in Evocations
 10999 | D:8      | Noticed a two-headed ogre
 11030 | D:8      | Killed a two-headed ogre
 11030 | D:8      | Reached skill level 10 in Spellcasting
 11186 | D:8      | Noticed Maurice
 11234 | D:8      | Killed Maurice
 11886 | D:9      | Found Qagox's Antique Weapon Boutique.
 11944 | D:9      | Reached skill level 5 in Conjurations
 12085 | D:9      | Reached XP level 10. HP: 54/54 MP: 2/26
 12086 | D:9      | Reached ** piety under Vehumet
 12086 | D:9      | Offered knowledge of Searing Ray by Vehumet.
 12376 | D:9      | Found a staircase to the Lair.
 12773 | D:9      | Found a bloodstained altar of Trog.
 12918 | D:10     | Entered Level 10 of the Dungeon
 12933 | D:10     | Offered knowledge of Throw Flame by Vehumet.
 13105 | D:10     | Found a staircase to the Orcish Mines.
 13141 | D:10     | Reached skill level 11 in Spellcasting
 13599 | D:10     | Found a blossoming altar of Fedhas.
 13806 | D:11     | Learned a level 5 spell: Lightning Bolt
 13826 | D:11     | Gained mutation: Your magical capacity is low. (-10% MP)
                  | [potion of mutation]
 13826 | D:11     | Gained mutation: Your magical capacity is very low. (-20%
                  | MP) [potion of mutation]
 13826 | D:11     | Gained mutation: Potions are less effective at restoring
                  | your health. [potion of mutation]
 13826 | D:11     | Gained mutation: Your flesh is cold resistant. (rC+)
                  | [potion of mutation]
 13863 | D:11     | Learned a level 3 spell: Static Discharge
 13865 | D:11     | Reached *** piety under Vehumet
 13945 | D:11     | Found a frozen archway.
 14046 | IceCv    | Entered an ice cave
 14273 | IceCv    | HP: 1/56 [polar bear (2)]
 14273 | IceCv    | Slain by a polar bear

Levels and vault maps discovered:
D:1:      erik_arrival_orb_chamber, layout_loops_corners,
          minmay_stone_trees_medium
D:2:      layout_basic, first_ration
D:3:      layout_loops_ring, lemuel_blue_sif_altar, uniq_crazy_yiuf_cottage
D:4:      corexii_shantytown, layout_basic, serial_shops, shop, uniq_robin,
          uniq_natasha
D:5:      layout_basic, nicolae_ru_path_of_blood,
          gammafunk_temple_overflow_claw, serial_corexii_hall,
          corexii_hall_statues_i, corexii_hall_statues_i,
          corexii_hall_statues_i, corexii_hall_statues_l
D:6:      layout_basic, minmay_temple_entry_proselytizer,
          grunt_decor_one_mirror, grunt_ashenzari_visionary
          [grunt_ashenzari_visionary_shoals, grunt_ashenzari_visionary_spider],
          uniq_eustachio
D:7:      layout_rooms, serial_shops, shop_statue, nicolae_shop_crystal,
          nicolae_shop_waterfront, nicolae_shop_trees,
          eino_small_chamber_without_monster, grunt_livestock
D:8:      layout_loops_ring, uniq_maurice
D:9:      layout_roguey, lair_entry_dummy, serial_shops, nicolae_shop_crystal,
          basic_altar
D:10:     layout_stronghold, david_orc_2, kennysheep_path_1, fedhas_altar_2
D:11:     layout_cave_pools, ebering_ghost_inner_flame, portal_ice_cave_rime,
          dk_noncrumbling_3
Temple:   hc_temple_tempest_star
IceCv:    ice_cave_caverns_01

Skill      XL: |  1  2  3  4  5  6  7  8  9 10 |
---------------+-------------------------------+-----
Ice Magic      | 4 5 6 7 8 |  8.9
Stealth        | 3 4 |  4.2
Spellcasting   | 4 5 6 7 8 10 11 | 11.6
Summonings     | 1 2 3 4 |  4.0
Conjurations   | 2 3 4 5 7 |  7.2
Fighting       | 1 2 3 |  3.2
Charms         | 1 3 |  3.6
Air Magic      | 1 3 |  3.3
Armour         | 2 4 |  4.0
Evocations     | 2 3 |  3.7
Short Blades   | |  0.2
Polearms       | |  0.4
Dodging        | |  2.4

Action                   |  1- 3 |  4- 6 |  7- 9 | 10-12 || total
-------------------------+-------+-------+-------+-------++-------
Melee: Short sword       |     9 |       |       |       ||     9
       Dagger            |       |    63 |       |       ||    63
       Spear             |       |       |    51 |       ||    51
       Rapier            |       |       |    21 |       ||    21
       Morningstar       |       |       |    35 |    21 ||    56
Throw: Tomahawk          |     3 |     5 |     2 |       ||    10
 Cast: Freeze            |    56 |   130 |    99 |    20 ||   305
       Summon Ice Beast  |       |     4 |    33 |    13 ||    50
       Throw Icicle      |       |       |    55 |    76 ||   131
       Ozocubu's Armour  |       |       |     4 |     2 ||     6
       Static Discharge  |       |       |       |     3 ||     3
  Use: Potion            |       |     2 |     2 |     4 ||     8
       Scroll            |       |       |    13 |     2 ||    15
 Stab: Sleeping          |     3 |     8 |     2 |       ||    13
  Eat: Chunk             |     3 |    12 |    20 |     7 ||    42
       Ration            |       |       |     1 |       ||     1
Armor: Robe              |    11 |    24 |    43 |       ||    78
       Skin              |       |     5 |       |       ||     5
       Leather armour    |       |       |    14 |    32 ||    46
Dodge: Dodged            |    28 |    88 |   138 |    51 ||   305
       Deflected         |       |       |       |     1 ||     1

Table legend:
 A = Non-vault XP
 B = Vault XP
 C = Vault XP percentage of total XP
 D = Non-vault monster count
 E = Vault monster count
 F = Vault count percentage of total count
                 A         B        C        D         E       F
            +---------+---------+-------+---------+---------+-------
      Total |    6405 |    3554 |  35.7 |     198 |      75 |  27.5
            +---------+---------+-------+---------+---------+-------
        D:1 |      20 |      12 |  37.5 |      12 |      12 |  50.0
        D:2 |      50 |       0 |   0.0 |      13 |       0 |   0.0
        D:3 |     148 |      29 |  16.4 |      30 |       1 |   3.2
        D:4 |     176 |     205 |  53.8 |       8 |      41 |  83.7
        D:5 |     281 |       0 |   0.0 |      15 |       0 |   0.0
        D:6 |     940 |     777 |  45.3 |      34 |       5 |  12.8
        D:7 |     560 |     344 |  38.1 |      17 |       2 |  10.5
        D:8 |    1364 |     301 |  18.1 |      22 |       1 |   4.3
        D:9 |    1344 |       0 |   0.0 |      31 |       0 |   0.0
       D:10 |    1296 |      15 |   1.1 |      12 |       5 |  29.4
       D:11 |     226 |     762 |  77.1 |       4 |       2 |  33.3
      IceCv |       0 |    1109 | 100.0 |       0 |       6 | 100.0
            +---------+---------+-------+---------+---------+-------
